 Dungeon Crawl Stone Soup version 0.20.1-1-g8b1a95d (webtiles) character file.

10577 polve the Carver (level 11, -7/67 HPs)
             Began as a Demonspawn Berserker on July 5, 2017.
             Was a High Priest of Trog.
             Killed from afar by an electric eel (16 damage)
             ... with a bolt of electricity
             ... on level 1 of the Lair of Beasts.
             The game lasted 00:14:02 (11680 turns).

polve the Carver (Demonspawn Berserker)            Turns: 11680, Time: 00:14:03

Health: -7/67      AC: 13    Str: 18    XL:     11   Next: 38%
Magic:  11/11      EV: 11    Int:  9    God:    Trog [*****.]
Gold:   512        SH:  4    Dex: 20    Spells: 10/10 levels left

rFire    . . .     SeeInvis .   F - +3 scimitar
rCold    + . .     Gourm    +   (no shield)
rNeg     . . .     Faith    .   D - +0 chain mail
rPois    .         Spirit   .   (helmet restricted)
rElec    .         Reflect  .   g - +0 cloak
rCorr    .         Harm     .   k - +0 pair of gloves
MR       +....                  f - +0 pair of boots
Stlth    ..........             m - amulet of the gourmand
Regen    0.3/turn               t - ring of protection from magic
MPRegen  0.2/turn               b - +5 ring of dexterity

@: no status effects
A: antennae 1, large bone plates 1, cold resistance 1, frail 1, foul stench 1,
powered by death 2, rot immunity
a: Berserk, Trog's Hand, Brothers in Arms, Burn Spellbooks, Renounce Religion


You were on level 1 of the Lair of Beasts.
You worshipped Trog.
Trog was extremely pleased with you.
You were completely stuffed.

You visited 2 branches of the dungeon, and saw 10 of its levels.

You collected 512 gold pieces.

Inventory:

Hand Weapons
 F - a +3 scimitar (weapon)
Armour
 f - a +0 pair of boots (worn)
 g - a +0 cloak (worn)
 k - a +0 pair of gloves (worn)
 D - a +0 chain mail (worn)
Jewellery
 b - a +5 ring of dexterity (right hand)
 m - an amulet of the gourmand (around neck)
 t - a ring of protection from magic (left hand)
 H - a cursed ring of teleportation {unknown}
 J - a +3 ring of intelligence {unknown}
Wands
 h - a wand of acid (7/15)
 v - a wand of polymorph (12/24)
 x - a wand of digging (13/24)
 C - a wand of polymorph (7/24)
 K - a wand of flame (29/48)
Scrolls
 a - 4 scrolls of remove curse {unknown}
 d - 3 scrolls of magic mapping {unknown}
 n - 6 scrolls of identify {unknown}
 o - 3 scrolls of enchant armour {unknown}
 q - 8 scrolls of teleportation {unknown}
 r - 4 scrolls of amnesia {unknown}
 s - a scroll of enchant weapon {unknown}
 u - 2 scrolls of recharging {unknown}
 y - 2 scrolls of immolation {unknown}
 B - 2 scrolls of random uselessness {unknown}
 G - a scroll of brand weapon {unknown}
Potions
 e - 2 potions of agility
 i - a potion of mutation {unknown}
 l - a potion of haste {unknown}
 p - 4 potions of flight
 w - 2 potions of brilliance {unknown}
 z - 2 potions of degeneration {unknown}
 E - a potion of invisibility {unknown}
Books
 L - a book of Minor Magic

   Spells                             Type                      Level
   a - Magic Dart                     Conjuration                  1
   b - Blink                          Translocation                2
   c - Call Imp                       Summoning                    2
   d - Slow                           Hexes                        2
   e - Conjure Flame                  Conjuration/Fire             3
   f - Mephitic Cloud                 Conjuration/Poison/Air       3
   Trog disapproves of the use of such an item.
Comestibles
 c - 5 bread rations
 j - 2 chunks of flesh
 A - 20 royal jellies
 I - a meat ration
 M - 8 fruits


   Skills:
 - Level 3.0 Fighting
 - Level 14.0 Long Blades
 - Level 6.0 Armour
 + Level 6.3 Dodging


You had 10 spell levels left.
You didn't know any spells.

Dungeon Overview and Level Annotations

Branches:
Dungeon (9/15)             Temple (0/1) D:6            Lair (1/6) D:9
    Orc: D:9-12

Altars:
Dithmenos
Makhleb
Nemelex Xobeh
Sif Muna
Trog
Vehumet


Innate Abilities, Weirdness & Mutations

You have a pair of small antennae on your head.
You are partially covered in large bone plates. (SH +4)
You may emit foul miasma when damaged in melee.
You regenerate health from kills.
You are immune to rotting.
Your flesh is cold resistant. (rC+)
You are frail. (-10% HP)


Message History

You are too injured to fight recklessly!
You are too injured to fight recklessly!
You are too injured to fight recklessly!
The electric eel shoots out a bolt of lightning at you!
The bolt of electricity hits you!
The electric eel shoots out a bolt of lightning at you!
The bolt of electricity hits you!
The electric eel shoots out a bolt of lightning at you!
The bolt of electricity hits you!
* * * LOW HITPOINT WARNING * * *
You block the spiny frog's attack.
You barely miss the spiny frog. The spiny frog closely misses you.
You slash the spiny frog!
The spiny frog is moderately wounded.
The spiny frog stings you!
* * * LOW HITPOINT WARNING * * *
The spiny frog looks sick.
You emit a cloud of foul miasma!
The electric eel shoots out a bolt of lightning at you!
The bolt of electricity hits you!
You die...

...#.....##..........P≈PP≈≈≈P≈≈≈≈
..##♣.>.♣.#...........≈≈;P≈P≈≈≈♣♣
...#.....#..+........P;≈≈≈P≈P♣♣♣
#..##...####...........##≈#♣♣♣
######+.#####.#..#......###
.###.....#.......##....##
..#.#...#.#..#.#....####
..#.......#.......F.#
..+.#.♣.#.'...♣.@...#
.##.......#.........#
#...........#..#..###
.#.#.....###.....## .##.##..##
###...# #####...## ##### #.....#
#♣.♣.♣♣ #.....#


You could see a spiny frog and an electric eel.

Vanquished Creatures
  The ghost of ThePrince the Carver, a journeyman MiFi of Makhleb (Lair:1)
  A two-headed ogre (D:8)
  A spiny frog (Lair:1)
  Prince Ribbit (D:7)
  A queen bee (Lair:1)
  5 hippogriffs
  2 wyverns (D:9)
  A basilisk (Lair:1)
  A hungry ghost (D:7)
  Grum (D:9)
  3 wargs (D:9)
  5 porcupines (Lair:1)
  2 orc warriors
  5 sky beasts
  A phantom (D:8)
  2 black bears (D:8)
  A necrophage (D:9)
  2 ogres
  3 wolves (D:9)
  4 crocodiles
  2 big kobolds
  The ghost of Setanta the Covert, an amateur SpEn (D:3)
  4 bullfrogs
  3 gnoll sergeants (D:8)
  2 scorpions
  A water moccasin skeleton (D:9)
  28 killer bees
  9 wights
  2 howler monkeys
  2 electric eels (Lair:1)
  5 crimson imps
  2 bullfrog zombies
  A quasit (D:5)
  A centaur skeleton (D:9)
  4 jellies
  10 orc wizards
  3 gnoll shamans (D:8)
  8 orc priests
  8 hounds
  Crazy Yiuf (D:7)
  2 iguanas
  2 bullfrog skeletons
  3 worker ants
  A hound zombie (D:4)
  A worker ant zombie (D:6)
  14 gnolls (D:8)
  2 howler monkey skeletons
  7 adders
  An ooze (D:1)
  4 worms
  5 dart slugs
  5 leopard geckos
  39 orcs
  2 ball pythons
  12 bats
  7 giant cockroaches
  10 goblins
  6 hobgoblins
  13 jackals
  7 quokkas
  7 frilled lizards
  2 jackal zombies
  18 kobolds
  3 quokka skeletons
  9 rats
  A butterfly (Lair:1)
323 creatures vanquished.

Notes
Turn   | Place    | Note
-------+----------+-------------------------------------------
     0 | D:1      | polve the Demonspawn Berserker began the quest for the Orb.
     0 | D:1      | Reached XP level 1. HP: 18/18 MP: 1/1
   331 | D:1      | Reached skill level 3 in Long Blades
   331 | D:1      | Gained mutation: You regenerate a little health from kills. [demonic ancestry]
   331 | D:1      | Reached XP level 2. HP: 17/24 MP: 2/2
   636 | D:1      | Reached XP level 3. HP: 23/29 MP: 3/3
   772 | D:1      | Reached ** piety under Trog
   772 | D:1      | Reached skill level 4 in Long Blades
  1296 | D:2      | Gained mutation: You are immune to rotting. [demonic ancestry]
  1296 | D:2      | Reached XP level 4. HP: 5/35 MP: 4/4
  2532 | D:3      | Noticed Setanta's ghost (amateur SpEn)
  2537 | D:3      | Killed Setanta's ghost
  2537 | D:3      | Reached skill level 5 in Long Blades
  2537 | D:3      | Gained mutation: You have a pair of small antennae on your head. [demonic ancestry]
  2537 | D:3      | Reached XP level 5. HP: 38/41 MP: 5/5
  2679 | D:3      | Reached *** piety under Trog
  2733 | D:3      | Reached skill level 6 in Long Blades
  2771 | D:3      | Gained mutation: You regenerate health from kills. [demonic ancestry]
  2771 | D:3      | Reached XP level 6. HP: 18/47 MP: 6/6
  3347 | D:3      | Reached skill level 7 in Long Blades
  3563 | D:4      | Gained mutation: You may emit foul miasma when damaged in melee. [demonic ancestry]
  3563 | D:4      | Reached XP level 7. HP: 52/52 MP: 7/7
  4060 | D:4      | Reached skill level 8 in Long Blades
  4207 | D:5      | Entered Level 5 of the Dungeon
  4536 | D:5      | Reached **** piety under Trog
  4549 | D:5      | Reached skill level 9 in Long Blades
  4549 | D:5      | Reached XP level 8. HP: 58/58 MP: 8/8
  4583 | D:5      | Found a burning altar of Makhleb.
  4811 | D:5      | Found a deep blue altar of Sif Muna.
  5279 | D:6      | Found a sparkling altar of Nemelex Xobeh.
  5436 | D:6      | Reached skill level 10 in Long Blades
  5787 | D:6      | Found a burning altar of Makhleb.
  5914 | D:6      | Found a staircase to the Ecumenical Temple.
  6069 | D:7      | Noticed Prince Ribbit
  6213 | D:7      | Killed Prince Ribbit
  6213 | D:7      | Reached skill level 11 in Long Blades
  6213 | D:7      | Reached XP level 9. HP: 30/63 MP: 9/9
  6816 | D:7      | Found a radiant altar of Vehumet.
  6823 | D:7      | Found a shadowy altar of Dithmenos.
  6912 | D:7      | Found a runed door.
  7008 | D:7      | Noticed Crazy Yiuf
  7013 | D:7      | Killed Crazy Yiuf
  7545 | D:8      | Reached ***** piety under Trog
  7545 | D:8      | Received a gift from Trog
  7607 | D:8      | Found a bloodstained altar of Trog.
  7813 | D:8      | Reached skill level 12 in Long Blades
  7830 | D:8      | HP: 3/63 [gnoll/spear (1)]
  8661 | D:8      | Noticed a two-headed ogre
  8670 | D:8      | Killed a two-headed ogre
  8670 | D:8      | Reached skill level 13 in Long Blades
  8670 | D:8      | Reached XP level 10. HP: 68/70 MP: 10/10
  8758 | D:8      | Gained mutation: You are clumsy. (Dex -2) [mutagenic meat]
  8759 | D:8      | Gained mutation: You are frail. (-10% HP) [mutagenic meat]
  8760 | D:8      | Lost mutation: You are frail. (-10% HP) [mutagenic meat]
  9669 | D:9      | Lost mutation: You are clumsy. (Dex -2) [mutagenic meat]
  9670 | D:9      | Gained mutation: You are frail. (-10% HP) [mutagenic meat]
  9671 | D:9      | Gained mutation: Your flesh is cold resistant. (rC+) [mutagenic meat]
  9683 | D:9      | Received a gift from Trog
  9883 | D:9      | Reached skill level 14 in Long Blades
  9893 | D:9      | Noticed Grum
  9909 | D:9      | Killed Grum
  9943 | D:9      | Found a deep blue altar of Sif Muna.
 10021 | D:9      | Found a staircase to the Lair.
 10356 | Lair:1   | Entered Level 1 of the Lair of Beasts
 10531 | Lair:1   | Noticed ThePrince's ghost (journeyman MiFi)
 10556 | Lair:1   | Killed ThePrince's ghost
 10556 | Lair:1   | Gained mutation: You are partially covered in large bone plates. (SH +4) [demonic ancestry]
 10556 | Lair:1   | Reached XP level 11. HP: 62/67 MP: 11/11
 10577 | Lair:1   | Reached skill level 5 in Armour
 10797 | Lair:1   | Reached skill level 5 in Dodging
 10920 | Lair:1   | Received a gift from Trog
 11680 | Lair:1   | Killed from afar by an electric eel

Skill      XL: |  1  2  3  4  5  6  7  8  9 10 11 |
---------------+----------------------------------+-----
Long Blades    | 3 4 5 6 7 9 11 13 14 | 14.0
Armour         | 4 6 |  6.0
Dodging        | 4 6 |  6.3
Fighting       | |  3.0

Action                   |  1- 3 |  4- 6 |  7- 9 | 10-12 || total
-------------------------+-------+-------+-------+-------++-------
Melee: Falchion          |   105 |       |       |       ||   105
       Great sword       |    18 |   136 |   348 |       ||   502
       Scimitar          |       |       |    13 |   409 ||   422
Invok: Berserk           |       |     5 |     8 |     3 ||    16
       Burn Spellbooks   |       |       |       |     1 ||     1
       Trog's Hand       |       |       |       |     1 ||     1
  Use: Potion            |       |     3 |     5 |     1 ||     9
 Stab: Sleeping          |       |     1 |       |       ||     1
  Eat: Chunk             |     2 |    11 |    17 |    29 ||    59
       Fruit             |       |       |     2 |       ||     2
       Royal jelly       |       |       |     2 |       ||     2
       Meat ration       |       |       |     1 |       ||     1
Armor: Animal skin       |    36 |     8 |       |       ||    44
       Ring mail         |       |    43 |       |       ||    43
       Scale mail        |       |     7 |   111 |       ||   118
       Chain mail        |       |       |   154 |   321 ||   475
Dodge: Dodged            |   126 |    96 |   216 |   266 ||   704
Block: Other             |       |       |       |    55 ||    55
       Rpst.: Falchion   |    35 |       |       |       ||    35
       Great sword       |     4 |    33 |    60 |       ||    97
       Scimitar          |       |       |     1 |    77 ||    78
